 Dungeon Crawl Stone Soup version 0.30-b1-2-g02819fbbbe (webtiles) character file.

Game seed: 6672597800667992804

116 prikolics the Grasshopper (level 5, -1/48 HPs)
             Began as a Naga Warper on Aug 13, 2023.
             Slain by Sigmund
             ... wielding a +0 scythe
              (10 damage)
             ... on level 3 of the Dungeon.
             The game lasted 00:10:52 (2101 turns).

prikolics the Grasshopper (Naga Warper)             Turns: 2101, Time: 00:10:52

Health: -1/48      AC:  5    Str: 13    XL:     5   Next: 1%
Magic:  4/8        EV:  9    Int: 15    God:
Gold:   86         SH:  0    Dex: 11    Spells: 6/8 levels left

rFire   . . .        a - +0 spear
rCold   . . .        (no shield)
rNeg    . . .        b - +0 leather armour
rPois   +            (no helmet)
rElec   .            (no cloak)
rCorr   .            n - +1 pair of gloves
SInv    +            (no barding)
Will    .....        (no amulet)
Stlth   +            o - ring of flight
HPRegen 0.28/turn    (no ring)
MPRegen 0.11/turn

%: no passive effects
@: flying, very slow
A: AC +1, large, see invisible, deformed body, poison resistance, slowness 2,
spit poison 1, naga tail 1
a: Spit Poison


You were on level 3 of the Dungeon.
You visited 1 branch of the dungeon, and saw 3 of its levels.

You collected 86 gold pieces.

Inventory:

Hand Weapons
 a - a +0 spear (weapon)
 h - a +0 sling
 s - a +0 shortbow
Missiles
 d - 7 boomerangs of dispersal
 m - 10 stones
 v - a throwing net
 x - 3 poisoned darts (quivered)
Armour
 b - a +0 leather armour (worn)
 n - a +1 pair of gloves (worn)
Jewellery
 k - a ring of fire
 o - a ring of flight (left hand)
 q - a ring of ice
Scrolls
 g - a scroll of noise
 l - a scroll of enchant weapon {unknown}
 r - a scroll of identify {unknown}
Potions
 e - 2 potions of heal wounds {unknown}
 f - a potion of lignification {unknown}
 i - a potion of curing {unknown}
 j - a potion of ambrosia {unknown}
 p - a potion of mutation {unknown}
 t - a potion of attraction {unknown}
 u - a potion of invisibility {unknown}
 w - a potion of haste {unknown}


   Skills:
 + Level 2.8 Fighting
 + Level 2.6 Polearms
 + Level 1.1 Throwing
 - Level 0.7 Armour
 + Level 2.1 Dodging
 + Level 2.2 Spellcasting
 * Level 4.1 Translocations


You had 6 spell levels left.
You knew the following spells:

 Your Spells              Type           Power      Damage    Failure   Level
a - Blink                 Tloc           28%        N/A       8%          2

Your spell library contained the following spells:

 Spells                   Type           Power      Damage    Failure   Level
 Lesser Beckoning         Tloc           28%        N/A       8%          2
 Teleport Other           Tloc           14%        N/A       14%         3
 Vhi's Electric Charge    Tloc/Air       14%        N/A       34%         3
 Scorch                   Fire           2%         2d5       38%         2
 Manifold Assault         Tloc           14%        N/A       43%         4
 Flame Wave               Conj/Fire      1%         2d4       95%         4
 Summon Cactus Giant      Summ           0%         N/A       100%        6


Dungeon Overview and Level Annotations

Branches:
Dungeon (3/15)

Altars:
Zin

Shops:
D:1 !

Annotations:
D:3 Robin, Sigmund


Innate Abilities, Weirdness & Mutations

Your serpentine skin is tough. (AC +1)
You have supernaturally acute eyesight. (SInv)
Armour fits poorly on your strangely shaped body.
Your system is resistant to poisons. (rPois)
You cover ground very slowly.
You can spit poison.
You have a snake-like lower body.


Message History

The goblin hits you but does no damage.
You hear the quick rusting of a distant drain.
You feel stable enough to blink again. Robin throws the goblin at you!
The goblin hits you but does no damage.
Casting: Blink (safe; 8% risk of failure)
Confirm with . or Enter, or press ? or * to list all spells.
You blink.
You have got your breath back.
The goblin attacks as you move away! The goblin hits you but does no damage.
You feel stable enough to blink again.
You barely miss the goblin. The goblin barely misses you.
You barely miss the goblin. The goblin hits you but does no damage.
Aiming: Spit Poison (1% risk of failure)
Press: ? - help, Shift-Dir - straight line, f - goblin
Aim: a goblin, wielding a +0 dagger (50% to hit)
The splash of poison hits the goblin.
You kill the goblin!
Robin roars a battlecry!
The goblins go into a battle-frenzy!
Casting: Blink (safe; 8% risk of failure)
Confirm with . or Enter, or press ? or * to list all spells.
You blink.
Blink to where?
Press: ? - help, Dir - move target
As you read the scroll of blinking, it crumbles to dust.
Robin throws the goblin at you!
Blink to where?
Press: ? - help, Dir - move target
As you read the scroll of blinking, it crumbles to dust.
You have got your breath back.
You feel stable enough to blink again.
Sigmund the Dreaded comes into view.
He is wielding a +0 scythe.
Sigmund shouts!
Sigmund hits you from afar with a +0 scythe!
* * * LOW HITPOINT WARNING * * *
As you read the scroll labelled AGIDDU TOVA, it crumbles to dust.
You hear a loud clanging noise!
It was a scroll of noise.
Sigmund hits you from afar with a +0 scythe!
You die...

#.# ##....#.###
###.####.(.ยง...g.. #
#...g...g.......g#
#.##.#.####.....).[##
#......# ##.).##.###
####g### ##.....)..
#.# #####)### #.# #.#
#@# ... #.@.......#
... #.#####.....
..... # ..## .....
... ....... ##


You could see Sigmund and a goblin (strong).

Vanquished Creatures
  Terence (D:2)
  An adder (D:3)
  4 worms
  A dart slug (D:2)
  An orc (D:3)
  3 endoplasms
  12 goblins
  7 hobgoblins
  4 jackals
  4 kobolds
  6 quokkas
  7 ball pythons
  3 bats (D:1)
  3 frilled lizards
  3 rats
60 creatures vanquished.

Notes
Turn   | Place    | Note
-------+----------+-------------------------------------------
     0 | D:1      | prikolics the Naga Warper began the quest for the Orb.
     0 | D:1      | Reached XP level 1. HP: 19/19 MP: 3/3
   130 | D:1      | Reached XP level 2. HP: 15/26 MP: 5/5
   177 | D:1      | Learned a level 2 spell: Blink
   252 | D:1      | Found Jiasereo's Distillery.
   481 | D:1      | Reached XP level 3. HP: 32/32 MP: 6/6
   934 | D:2      | Noticed Terence
   949 | D:2      | Killed Terence
   950 | D:2      | Reached XP level 4. HP: 27/40 MP: 3/7
   953 | D:2      | Reached skill level 1 in Throwing
  1335 | D:2      | Found a glowing silver altar of Zin.
  1368 | D:2      | Reached skill level 4 in Translocations
  2064 | D:3      | Noticed Robin
  2075 | D:3      | Reached XP level 5. HP: 26/48 MP: 8/8
  2100 | D:3      | Noticed Sigmund
  2101 | D:3      | Slain by Sigmund

Illustrated notes

Levels and vault maps discovered:
D:1:      mainiacjoe_arrival_reflecting_pool, layout_rooms, serial_shops, shop,
          st_stairs_7, minmay_3d_cube
D:2:      layout_basic, basic_altar, uniq_terence
D:3:      layout_loops_corners, cheibrodos_sewer_entry_bend, uniq_sigmund,
          uniq_crazy_yiuf_cottage, uniq_robin

Skill      XL: |  1  2  3  4 |
---------------+-------------+-----
Dodging        | 2 |  2.1
Throwing       | 1 |  1.1
Translocations | 4 |  4.1
Fighting       | |  2.8
Polearms       | |  2.6
Armour         | |  0.7
Spellcasting   | |  2.2

Action                     |  1- 3 |  4- 6 || total
---------------------------+-------+-------++-------
  Melee: Spear             |    57 |    66 ||   123
  Throw: Stone             |     6 |     6 ||    12
         Dart              |       |     1 ||     1
   Cast: Blink             |     2 |     7 ||     9
Ability: Spit Poison       |    29 |    24 ||    53
    Use: Scroll            |       |     3 ||     3
 Armour: Leather armour    |    17 |    18 ||    35
  Dodge: Dodged            |    24 |    28 ||    52
